 Dungeon Crawl Stone Soup version 0.24-a0-458-gfcb5e6d (webtiles) character file.

Game seed: 10474865874650020271

170 GandaPestile the Chopper (level 5, 0/47 HPs)
             Began as a Minotaur Berserker on June 27, 2019.
             Was a Priest of Trog.
             Slain by a sky beast (1 damage)
             ... on level 6 of the Dungeon.
             The game lasted 00:09:24 (2538 turns).

GandaPestile the Chopper (Minotaur Berserker)       Turns: 2538, Time: 00:09:24

Health: 0/47       AC:  2    Str: 20 (22) XL:     5   Next: 25%
Magic:  4/4        EV: 13    Int:  4      God:    Trog [***...]
Gold:   145        SH:  0    Dex: 10      Spells: 4/4 levels left

rFire    . . .     SeeInvis .   h - +0 war axe
rCold    . . .     Gourm    .   (no shield)
rNeg     . . .     Faith    +   b - +0 animal skin
rPois    .         Spirit   .   (helmet restricted)
rElec    .         Reflect  .   (no cloak)
rCorr    .         Harm     .   (no gloves)
MR       .....                  (no boots)
Stlth    +.........             n - amulet of faith
HPRegen  0.15/turn              (no ring)
MPRegen  0.09/turn              (no ring)

@: no status effects
A: retaliatory headbutt, horns 2
a: Berserk, Trog's Hand, Renounce Religion


You were on level 6 of the Dungeon.
You worshipped Trog.
Trog was most pleased with you.
You were very hungry.

You visited 1 branch of the dungeon, and saw 5 of its levels.

You collected 145 gold pieces.

Inventory:

Hand Weapons
 a - a +0 hand axe
 h - a +0 war axe (weapon)
 j - a +2 hunting sling of freezing
Missiles
 k - 25 stones (quivered)
Armour
 b - a +0 animal skin (worn)
Jewellery
 e - a cursed -5 ring of protection
 n - an amulet of faith (around neck)
Scrolls
 g - a scroll of magic mapping
Potions
 d - 3 potions of curing
 f - a potion of degeneration
 i - a potion of might
 l - a potion of lignification {unknown}
Comestibles
 c - 4 rations


   Skills:
 + Level 4.6 Fighting
 * Level 5.3 Axes
 + Level 3.6 Armour
 + Level 3.3 Dodging


You had 4 spell levels left.
You didn't know any spells.
Your spell library was empty.

Dungeon Overview and Level Annotations

Branches:
Dungeon (4/15)
 Temple: D:4-7

Altars:


Innate Abilities, Weirdness & Mutations

You reflexively headbutt those who attack you in melee.
You have a pair of horns on your head.


Message History

You closely miss the sky beast.
The sky beast is moderately wounded.
You slash the centaur! The centaur closely misses you. You furiously retaliate!
You headbutt the centaur, but do no damage.
The sky beast hits you.
* * * LOW HITPOINT WARNING * * *
The sky beast shocks you.
* * * LOW HITPOINT WARNING * * *
The centaur hits you.
* * * LOW HITPOINT WARNING * * *
You closely miss the sky beast.
The sky beast is moderately wounded.
You hit the centaur but do no damage.
The centaur hits you but does no damage.
The sky beast flickers out of sight!
Deactivating autopickup; reactivate with Ctrl-A.
Something hits you but does no damage. The centaur closely misses you.
The leopard gecko bites you but does no damage.
Something hits you.
You die...

...#8.....
#..#.....
....
##...8....
...#
#........
....#
!....8.8.
...#
#.....#....#.
#.....#......
#....l....#
#.##@{.####
#.c.!....
###......
.....# ######


You could see a centaur and a leopard gecko.

Vanquished Creatures
  Robin (D:2)
  3 gnolls (D:2)
  3 adders (D:2)
  An ooze (D:2)
  2 worms (D:2)
  5 dart slugs
  A leopard gecko (D:2)
  An orc (D:3)
  4 giant cockroaches
  17 goblins
  7 hobgoblins
  4 quokkas (D:3)
  3 ball pythons
  14 bats
  2 frilled lizards
  5 kobolds
  8 rats
81 creatures vanquished.

Notes
Turn   | Place    | Note
-------+----------+-------------------------------------------
     0 | D:1      | GandaPestile the Minotaur Berserker began the quest for the
                  | Orb.
     0 | D:1      | Reached XP level 1. HP: 19/19 MP: 0/0
    78 | D:1      | Reached XP level 2. HP: 25/27 MP: 1/1
   105 | D:1      | Reached skill level 4 in Axes
   643 | D:2      | Noticed Robin
   652 | D:2      | Reached ** piety under Trog
   654 | D:2      | Reached XP level 3. HP: 33/33 MP: 2/2
   662 | D:2      | Killed Robin
  1046 | D:2      | Reached XP level 4. HP: 40/40 MP: 3/3
  1380 | D:2      | Reached *** piety under Trog
  1659 | D:2      | Reached skill level 5 in Axes
  2091 | D:2      | Reached XP level 5. HP: 31/47 MP: 4/4
  2183 | D:3      | You fall into a shaft and drop 1 floor!
  2532 | D:3      | You fall into a shaft and drop 3 floors!
  2532 | D:6      | Noticed a centaur
  2533 | D:6      | Noticed a sky beast
  2537 | D:6      | HP: 2/47 [sky beast (6)]
  2538 | D:6      | Slain by a sky beast

Levels and vault maps discovered:
D:1:      saegor_arrival_simple_a, layout_basic
D:2:      layout_basic, minivault_27, uniq_robin
D:3:      layout_basic, grunt_ministairs_6
D:4:      layout_loops_ring, minmay_small_thing
D:6:      layout_cave_pools, serial_column_ruins, column_ruins_hut_pillars,
          column_ruins_circle_large, column_ruins_columns_straight,
          column_ruins_grid_3, column_ruins_open_tiny,
          column_ruins_corridor_straight, column_ruins_grid_1

Skill      XL: |  1  2  3  4 |
---------------+-------------+-----
Axes           | 4 5 |  5.3
Fighting       | 4 |  4.6
Armour         | 3 |  3.6
Dodging        | 3 |  3.3

Action                   |  1- 3 |  4- 6 || total
-------------------------+-------+-------++-------
Melee: Hand axe          |    75 |    55 ||   130
       Headbutt          |     7 |     9 ||    16
       War axe           |       |     7 ||     7
 Fire: Hunting sling     |       |    36 ||    36
Invok: Berserk           |     1 |     1 ||     2
  Use: Potion            |     6 |       ||     6
       Scroll            |       |     3 ||     3
 Stab: Sleeping          |       |     1 ||     1
  Eat: Chunk             |     1 |     5 ||     6
Armor: Animal skin       |    20 |    26 ||    46
Dodge: Dodged            |    44 |    66 ||   110

Table legend:
 A = Non-vault XP
 B = Vault XP
 C = Vault XP percentage of total XP
 D = Non-vault monster count
 E = Vault monster count
 F = Vault count percentage of total count
                 A         B        C        D         E       F
            +---------+---------+-------+---------+---------+-------
      Total |     202 |      41 |  16.9 |      66 |      15 |  18.5
            +---------+---------+-------+---------+---------+-------
        D:1 |      31 |       0 |   0.0 |      20 |       0 |   0.0
        D:2 |     147 |      38 |  20.5 |      35 |      13 |  27.1
        D:3 |      24 |       3 |  11.1 |      11 |       2 |  15.4
            +---------+---------+-------+---------+---------+-------
